 Dungeon Crawl Stone Soup version 0.30.1-11-g7821555f0a (webtiles) character file.

Game seed: 12628202594897079930

1750 monsoonserge the Ruffian (level 8, 0/83 HPs)
             Began as a Troll Fighter on Nov 16, 2023.
             Was a Follower of Wu Jian.
             Slain by an orc warrior
             ... wielding a +0 halberd
              (11 damage)
             ... on level 6 of the Dungeon.
             The game lasted 00:11:01 (3840 turns).

monsoonserge the Ruffian (Troll Fighter)            Turns: 3840, Time: 00:11:02

Health: 0/83       AC:  8    Str: 25    XL:     8   Next: 78%
Magic:  7/7        EV:  8    Int: 12    God:    Wu Jian [*.....]
Gold:   291        SH:  9    Dex:  9    Spells: 7/7 levels left

rFire   . .          .
                       - Unarmed
rCold   . . .        b - +0 kite shield
rNeg    . . .        F - +0 acid dragon scales
rPois   .            (helmet restricted)
rElec   .            (no cloak)
rCorr   +            (gloves unavailable)
SInv    .            (boots unavailable)
Will    .....        H - amulet of magic regeneration
Stlth   +            i - +6 ring of intelligence
HPRegen 1.13/turn    y - ring of flight
MPRegen 0.50/turn

%: no passive effects
@: flying
A: large, unfitting armour, claws 3, regeneration 1, shaggy fur 1, tough skin 1
a: Renounce Religion


You were on level 6 of the Dungeon.
You worshipped Wu Jian.
Wu Jian was aware of your devotion.
You visited 2 branches of the dungeon, and saw 7 of its levels.

You collected 291 gold pieces.

Inventory:

Missiles
 g - 16 poisoned darts (quivered)
 n - 5 large rocks
 r - a throwing net
 C - 3 boomerangs
Armour
 b - a +0 kite shield (worn)
 F - +0 acid dragon scales (worn)
Jewellery
 i - a +6 ring of intelligence (left claw)
 y - a ring of flight (right claw)
 H - an amulet of magic regeneration (around neck)
Wands
 J - a wand of mindburst (14)
Scrolls
 a - a scroll of amnesia {unknown}
 d - a scroll of vulnerability {unknown}
 e - a scroll of silence {unknown}
 j - 3 scrolls of brand weapon {unknown}
 k - 5 scrolls of enchant armour {unknown}
 l - a scroll of magic mapping {unknown}
 o - a scroll of torment {unknown}
 s - 2 scrolls of acquirement {unknown}
 u - 2 scrolls of enchant weapon {unknown}
 B - a scroll of immolation
 D - a scroll of teleportation {unknown}
 E - a scroll of fear {unknown}
Potions
 c - 3 potions of might
 f - a potion of magic
 h - a potion of resistance
 m - 2 potions of haste
 p - 2 potions of berserk rage {unknown}
 q - 2 potions of brilliance
 t - 2 potions of flight
 v - 3 potions of lignification
 w - a potion of heal wounds {unknown}
 x - a potion of attraction {unknown}
 z - a potion of degeneration {unknown}
 G - a potion of mutation {unknown}
 I - 2 potions of cancellation {unknown}


   Skills:
 + Level 5.9 Fighting
 - Level 2.7 Dodging
 + Level 6.5 Shields
 + Level 6.6 Unarmed Combat


You had 7 spell levels left.
You didn't know any spells.
Your spell library contained the following spells:

 Spells                   Type           Power      Damage    Failure   Level
 Apportation              Tloc           0%         N/A       61%         1
 Kiss of Death            Conj/Necr      0%         2d5       61%         1
 Necrotise                Necr           0%         1d4       61%         1
 Summon Small Mammal      Summ           0%         N/A       61%         1
 Cigotuvi's Dreadful Rot  Necr/Pois/Air  0%         N/A       75%         2
 Confusing Touch          Hex            0%         N/A       93%         3
 Dispel Undead            Necr           0%         3d6       100%        4
 Death Channel            Necr           0%         N/A       100%        6


Dungeon Overview and Level Annotations

Branches:
Dungeon (6/15)             Temple (1/1) D:4

Altars:
Cheibriados
Elyvilon
Fedhas
Gozag
Hepliaklqana
Kikubaaqudgha
Okawaru
Qazlal
Ru
Sif Muna
Trog
Uskayaw
Vehumet
Wu Jian
Yredelemnul
Lugonu

Annotations:
D:5 1 runed translucent door, jagang's ghost, novice BaMo
D:6 1 runed translucent door, lonewolfV2's ghost, amateur FoFi


Innate Abilities, Weirdness & Mutations

You are too large for most types of armour.
You have claws for hands.
Your natural rate of healing is unusually fast.
You are covered in fur. (AC +1)
You have tough skin. (AC +1)


Message History

You kill the orc!
The Council accepts your kill. You block the orc warrior's attack.
You scratch the sleepcap.
The sleepcap is lightly damaged.
The orc warrior closely misses you.
The sleepcap releases spores at you but does no damage.
You scratch the sleepcap but do no damage.
The sleepcap is lightly damaged.
You block the orc warrior's attack. The sleepcap releases spores at you.
You completely miss the sleepcap.
The sleepcap is lightly damaged.
You block the orc warrior's attack. The sleepcap releases spores at you.
* * * LOW HITPOINT WARNING * * *
You scratch the sleepcap.
The sleepcap is moderately damaged.
The orc warrior hits you from afar with a +0 halberd!
* * * LOW HITPOINT WARNING * * *
The sleepcap releases spores at you but does no damage.
You scratch the sleepcap.
The sleepcap is moderately damaged.
The orc warrior hits you from afar with a +0 halberd!
* * * LOW HITPOINT WARNING * * *
The sleepcap misses you.
Unknown command.
You scratch the sleepcap.
The sleepcap is moderately damaged.
The orc warrior hits you but does no damage.
The sleepcap closely misses you.
You scratch the sleepcap.
The sleepcap is heavily damaged.
You block the orc warrior's attack. You block the sleepcap's attack.
You mangle the sleepcap!!
You destroy the sleepcap!
The Council accepts your kill.
The orc warrior hits you from afar with a +0 halberd.
* * * LOW HITPOINT WARNING * * *
You lunge at the orc warrior.
You closely miss the orc warrior.
The orc warrior hits you with a +0 halberd!
You die...

............#
............#
...........##
########
######....##
#......#. #.####
#........ #.#
#........ #.########
#......#
#........####......#
########...@o......#
#####.......#
#.#..#.## #...## #
..... ....## #.>...
#....## ######


You could see an orc warrior.

Vanquished Creatures
  A shadow (D:6)
  An acid dragon (D:5)
  2 ice beasts (D:6)
  A black bear (D:5)
  An ogre (D:5)
  3 centaurs
  3 scorpions
  4 hounds
  An orc priest (D:6)
  2 sleepcaps
  Natasha (thrice) (D:2)
  An iguana (D:4)
  5 orc wizards
  Robin (D:4)
  6 gnolls
  8 adders
  A white imp (D:4)
  An ufetubus (D:5)
  2 worms
  2 dart slugs
  13 orcs
  10 bats
  6 endoplasms
  5 giant cockroaches
  20 goblins
  11 hobgoblins
  5 jackals
  4 quokkas
  11 ball pythons
  8 frilled lizards
  8 kobolds
  4 rats
154 creatures vanquished.

Notes
Turn   | Place    | Note
-------+----------+-------------------------------------------
     0 | D:1      | monsoonserge the Troll Fighter began the quest for the Orb.
     0 | D:1      | Reached XP level 1. HP: 22/22 MP: 0/0
   215 | D:1      | Reached XP level 2. HP: 29/29 MP: 1/1
   804 | D:2      | Reached XP level 3. HP: 31/36 MP: 2/2
   843 | D:2      | Noticed Natasha
   855 | D:2      | Killed Natasha
   950 | D:2      | Reached XP level 4. HP: 42/45 MP: 3/3
  1062 | D:2      | Noticed Natasha
  1071 | D:2      | Killed Natasha
  1088 | D:2      | Noticed Natasha
  1110 | D:2      | Killed Natasha
  1280 | D:3      | Found a basalt altar of Yredelemnul.
  1299 | D:3      | Reached XP level 5. HP: 53/53 MP: 4/4
  1506 | D:3      | Found a hazy altar of Hepliaklqana.
  1506 | D:3      | Found a radiant altar of Vehumet.
  1968 | D:3      | Found a bloodstained altar of Trog.
  2076 | D:4      | Noticed Robin
  2113 | D:4      | Killed Robin
  2220 | D:4      | Found a staircase to the Ecumenical Temple.
  2231 | Temple   | Entered the Ecumenical Temple
  2314 | D:4      | Reached XP level 6. HP: 62/62 MP: 5/5
  2816 | D:4      | Found an ornate altar of the Wu Jian Council.
  2824 | D:4      | Noticed a spectral centipede
  2824 | D:4      | Noticed a spectral black mamba
  2824 | D:4      | Noticed a spectral cane toad
  2827 | D:4      | Became a worshipper of the Wu Jian Council
  2863 | D:5      | Entered Level 5 of the Dungeon
  2885 | D:5      | Found a runed translucent door.
  2901 | D:5      | Reached XP level 7. HP: 46/70 MP: 6/6
  2927 | D:5      | Noticed jagang's ghost (novice BaMo)
  2994 | D:5      | Reached skill level 5 in Shields
  3098 | D:5      | Found a white marble altar of Elyvilon.
  3107 | D:5      | Reached skill level 5 in Unarmed Combat
  3302 | D:5      | Found a blossoming altar of Fedhas.
  3332 | D:5      | Reached skill level 5 in Fighting
  3407 | D:5      | Reached XP level 8. HP: 68/80 MP: 7/7
  3586 | D:6      | Reached * piety under Wu Jian
  3714 | D:6      | Found a runed translucent door.
  3714 | D:6      | Noticed lonewolfV2's ghost (amateur FoFi)
  3774 | D:6      | Found an iron altar of Okawaru.
  3840 | D:6      | Slain by an orc warrior

Illustrated notes

Levels and vault maps discovered:
D:1:      matt_arrival_refuge, layout_loops_cross
D:2:      layout_rooms, minmay_hexomino_c4, uniq_natasha
D:3:      layout_loops_ring, general_overflow_altar, trog_butcher_becter,
          mainiacjoe_overflow_large_starburst, minmay_joined_circles
D:4:      layout_loops_ring, pdpol_wu_jian_five_deadly_venoms,
          minmay_temple_entry_overgrown, minmay_goblin_kobold_house, uniq_robin
D:5:      layout_rooms, fedhas_altar_2, elyvilon_altar_5,
          ebering_ghost_reflecting_pool
D:6:      layout_basic, mainiacjoe_overflow_surrounded_room,
          kennysheep_okawaru_gauntlet, ebering_ghost_inner_flame
Temple:   corrupted_temple

Skill      XL: |  1  2  3  4  5  6  7  8 |
---------------+-------------------------+-----
Shields        | 3 4 5 6 |  6.5
Fighting       | 3 4 5 |  5.9
Unarmed Combat | 3 4 5 6 |  6.6
Dodging        | |  2.7

Action                     |  1- 3 |  4- 6 |  7- 9 || total
---------------------------+-------+-------+-------++-------
  Melee: Unarmed           |    78 |   277 |   124 ||   479
Ability: Lunge             |       |     1 |    15 ||    16
    Use: Scroll            |       |     6 |     1 ||     7
         Potion            |       |       |     2 ||     2
 Armour: Robe              |    44 |   101 |     2 ||   147
         Acid dragon scale |       |       |    32 ||    32
  Dodge: Dodged            |    30 |   129 |    42 ||   201
  Block: Kite shield       |    40 |   115 |    53 ||   208
